Map: Torches LE

Players

Serral

  • Race: Zerg Zerg
  • Spawn Location: 5:00

Reynor - Winner!

  • Race: Zerg Zerg
  • Spawn Location: 1:00

Event: Esports World Cup 2025

VOD

Have the link to the VOD?

Description

Time

  • Played on: July 24, 2025, 8:35 a.m.
  • Length: 9:16

All games in this series

Show
View Real Time Build Order
Export as new Build Order

Serral Zerg 

Build Orders: Hatch First 

Get SALT Encoding   

  12  0:00  Drone  
  13  0:08  Drone  
  13  0:14  Drone, Extractor  
  15  0:21  Overlord  
  15  0:39  Drone  
  16  0:45  Hatchery  
  16  0:49  Drone  
  16  0:53  Drone  
  18  0:57  Drone  
  18  1:06  Extractor  
  17  1:11  Spawning Pool  
  17  1:14  Drone  
  17  1:18  Drone  
  18  1:26  Drone  
  19  1:37  Drone  
  20  1:48  Drone  
  21  1:57  Queen x2  
  21  1:59  Zergling x2  
  21  2:00  Overlord  
  26  2:08  Drone  
  27  2:09  Metabolic Boost  
  27  2:12  Drone  
  28  2:19  Drone  
  28  2:20  Drone  
  30  2:29  Zergling x2  
  31  2:31  Drone  
  32  2:38  Hatchery  
  32  2:41  Drone  
  32  2:47  Overlord  
  32  2:52  Drone x2  
  32  2:58  Queen  
  36  3:06  Drone x3  
  36  3:07  Drone  
  36  3:12  Overlord  
  40  3:13  Zergling x2  
  40  3:16  Zergling x2  
  40  3:17  Zergling x2  
  40  3:19  Zergling x2  
  44  3:27  Roach Warren  
  44  3:30  Drone  
  44  3:35  Zergling x4  
  46  3:41  Zergling x8  
  46  3:42  Evolution Chamber  
  46  3:45  Zergling x4  
  51  3:50  Overlord  
  51  3:52  Zergling x2  
  51  3:53  Zergling x2  
  52  4:03  Drone x3  
  52  4:08  Zerg Missile Weapons Level 1  
  52  4:09  Drone, Extractor  
  55  4:10  Drone  
  55  4:14  Drone x3  
  60  4:19  Overlord  
  60  4:22  Overlord  
  60  4:24  Roach x2  
  58  4:28  Roach  
  58  4:29  Roach  
  61  4:34  Roach x2  
  65  4:39  Roach  
  65  4:40  Extractor, Roach  
  65  4:45  Roach x2  
  72  4:51  Roach  
  68  4:58  Drone x3  
  71  5:01  Drone x3  
  74  5:09  Extractor  
  74  5:12  Overlord  
  74  5:13  Roach x3  
  79  5:18  Overlord x2  
  78  5:22  Drone x2  
  78  5:27  Drone x2  
  82  5:31  Roach  
  82  5:35  Roach x3  
  90  5:42  Drone x5  
  95  5:46  Extractor  
  95  5:48  Drone x2  
  94  5:51  Drone x2  
  94  5:52  Drone x2  
  94  5:55  Roach  
  99  6:01  Drone  
  99  6:03  Drone x2, Overlord  
  102  6:06  Overlord  
  102  6:11  Roach  
  102  6:12  Roach  
  102  6:18  Extractor  
  104  6:19  Roach  
  104  6:20  Overlord  
  104  6:24  Roach x2  
  112  6:25  Roach  
  112  6:26  Roach x2  
  112  6:30  Roach x2  
  120  6:32  Ravager x2  
  120  6:35  Overlord x2  
  122  6:40  Roach x4  
  122  6:44  Overlord  
  130  6:48  Lair  
  128  6:55  Drone x4  
  128  6:56  Drone  
  131  7:02  Drone x3  
  131  7:05  Pneumatized Carapace  
  131  7:07  Extractor  
  133  7:10  Zerg Ground Armor Level 1  
  133  7:15  Drone x5  
  138  7:17  Drone x2  
  140  7:23  Overlord  
  140  7:24  Queen  
  140  7:26  Roach  
  144  7:33  Overlord  
  144  7:34  Overlord x2  
  144  7:38  Overlord  
  144  7:47  Overseer, Hydralisk Den  
  144  7:48  Roach  
  144  7:49  Evolution Chamber  
  144  7:51  Glial Reconstitution  
  144  7:54  Roach  
  146  7:59  Roach x3  
  146  8:01  Hatchery  
  151  8:06  Roach x4  
  151  8:11  Ravager  
  151  8:12  Ravager x2  
  162  8:17  Roach x4  
  170  8:20  Overlord x2  
  170  8:22  Roach  
  170  8:23  Roach x2  
  170  8:26  Overlord  
  176  8:29  Overlord  
  176  8:40  Roach x7  
  190  8:46  Roach x3  
  172  8:49  Roach  
  172  8:51  Roach x2  
  172  8:53  Roach  
  172  8:55  Roach  
Show
View Real Time Build Order
Export as new Build Order

Reynor Zerg - Winner!

Build Orders: Hatch First 

Get SALT Encoding   

  12  0:00  Drone  
  13  0:07  Drone  
  14  0:14  Drone, Extractor  
  15  0:21  Overlord  
  15  0:40  Drone  
  16  0:45  Hatchery  
  16  0:49  Drone  
  16  0:53  Drone  
  16  0:56  Drone  
  18  1:07  Extractor  
  17  1:11  Spawning Pool  
  17  1:14  Drone  
  17  1:17  Drone  
  18  1:26  Drone  
  19  1:37  Drone  
  20  1:48  Drone  
  21  1:57  Drone, Queen  
  21  1:58  Queen  
  21  1:59  Zergling x2  
  27  2:09  Overlord  
  27  2:10  Drone  
  27  2:11  Metabolic Boost  
  28  2:27  Drone x2  
  30  2:30  Zergling x2  
  30  2:31  Drone  
  32  2:40  Overlord  
  32  2:41  Drone  
  32  2:42  Queen  
  35  2:53  Hatchery  
  35  2:55  Drone  
  35  2:58  Drone  
  36  3:03  Baneling Nest  
  35  3:06  Drone  
  35  3:07  Drone  
  35  3:11  Drone x2  
  39  3:16  Zergling x4  
  41  3:21  Overlord  
  41  3:22  Zergling x2  
  41  3:24  Zergling x2  
  43  3:28  Zergling x2  
  44  3:34  Roach Warren  
  44  3:35  Overlord  
  44  3:37  Drone  
  44  3:40  Drone  
  45  3:42  Drone  
  45  3:44  Drone  
  45  3:47  Overlord  
  47  3:49  Drone  
  47  3:51  Drone  
  49  3:58  Baneling x2  
  49  3:59  Overlord  
  49  4:04  Zergling x6  
  49  4:05  Baneling  
  51  4:10  Zergling x4  
  51  4:15  Zergling x8  
  57  4:22  Evolution Chamber  
  56  4:24  Drone x3  
  56  4:25  Drone x3  
  56  4:28  Extractor  
  56  4:29  Overlord  
  61  4:34  Drone  
  61  4:36  Drone  
  63  4:46  Roach x3  
  63  4:49  Roach  
  67  4:55  Drone x3  
  67  4:57  Zerg Ground Armor Level 1  
  67  4:58  Drone x2  
  67  4:59  Drone  
  72  5:01  Drone x3  
  72  5:05  Roach  
  76  5:12  Roach x2  
  76  5:13  Drone x2, Extractor  
  81  5:20  Overlord  
  81  5:23  Overlord  
  81  5:26  Roach x3  
  81  5:27  Overlord  
  86  5:29  Roach  
  86  5:31  Overlord  
  88  5:38  Overlord  
  88  5:40  Roach x2  
  88  5:41  Zergling x2  
  93  5:44  Roach x2  
  93  5:45  Zergling x2  
  93  5:48  Roach  
  98  5:52  Roach  
  98  5:55  Roach  
  99  5:58  Extractor  
  99  5:59  Roach  
  99  6:00  Zergling x10  
  105  6:07  Roach x3  
  105  6:08  Zergling x4  
  105  6:10  Overlord  
  113  6:12  Drone  
  113  6:13  Drone x2  
  113  6:17  Drone  
  117  6:19  Drone, Lair  
  117  6:21  Drone  
  117  6:23  Drone  
  117  6:25  Drone x2  
  122  6:28  Drone, Extractor  
  122  6:29  Overlord  
  122  6:33  Drone  
  122  6:39  Overlord  
  120  6:41  Drone  
  120  6:42  Roach x2  
  125  6:51  Zerg Missile Weapons Level 1  
  117  6:57  Roach x9  
  134  7:03  Overlord  
  134  7:04  Roach  
  134  7:05  Roach  
  136  7:10  Ravager  
  136  7:11  Zergling x2, Roach x2  
  136  7:13  Roach x2  
  146  7:16  Overlord  
  146  7:17  Roach  
  146  7:22  Glial Reconstitution  
  148  7:23  Drone  
  148  7:25  Roach  
  148  7:27  Zergling x2, Roach  
  154  7:31  Overlord  
  154  7:34  Roach  
  154  7:37  Roach  
  158  7:39  Roach x2  
  158  7:41  Ravager  
  167  7:44  Roach x2  
  167  7:46  Hatchery  
  167  7:48  Overlord  
  167  7:49  Roach  
  168  7:53  Roach x3  
  168  7:55  Overlord  
  168  7:57  Roach  
  178  7:58  Roach  
  178  8:01  Overlord  
  177  8:08  Roach x4  
  177  8:11  Overlord  
  185  8:16  Ravager x2  
  185  8:17  Zergling x10  
  192  8:21  Roach  
  192  8:22  Zergling x4, Roach  
  192  8:23  Ravager  
  192  8:26  Baneling x2  
  199  8:31  Ravager  
  200  8:41  Extractor  
  199  8:46  Roach x5  
  191  8:48  Roach x4  
  191  8:50  Roach  
Tags
 
Add a new tag
Caveats
  • Supply blocks, unpowered buildings, or Contaminate may cause inaccurate times.
  • Supply counts are checked every 10 seconds.